 Dungeon Crawl Stone Soup version 0.21.1-72-gffa868e (webtiles) character file.

8033 Madoushi the Cleaver (level 11, -7/95 HPs)
             Began as a Minotaur Berserker on Aug 3, 2018.
             Was a High Priest of Trog.
             Killed from afar by a molten gargoyle (22 damage)
             ... with a bolt of magma
             ... on level 11 of the Dungeon.
             The game lasted 00:49:00 (13054 turns).

Madoushi the Cleaver (Minotaur Berserker)          Turns: 13054, Time: 00:49:02

Health: -7/95      AC: 11    Str: 24    XL:     11   Next: 4%
Magic:  11/11      EV: 14    Int:  9    God:    Trog [*****.]
Gold:   344        SH: 12    Dex: 18    Spells: 10/10 levels left

rFire    . . .     SeeInvis .   E - +3 hand axe (pain)
rCold    + . .     Gourm    +   u - +0 shield
rNeg     . . .     Faith    .   W - +4 ring mail
rPois    +         Spirit   .   g - -1 hat of Oxideuguxt {+Inv rPois rF- Dex+7}
rElec    .         Reflect  .   R - scarf {rC+ rF+}
rCorr    .         Harm     .   j - +0 pair of gloves
MR       .....                  (no boots)
Stlth    +.........             m - amulet of the gourmand
HPRegen  0.25/turn              C - ring of Foolhardiness {rPois Int+5 Stlth-}
MPRegen  0.12/turn              a - ring of flight

@: very slightly contaminated
A: retaliatory headbutt, horns 2
a: Berserk, Trog's Hand, Brothers in Arms, Burn Spellbooks, Renounce Religion,
Evoke Invisibility, Evoke Flight


You were on level 11 of the Dungeon.
You worshipped Trog.
Trog was extremely pleased with you.
You were full.

You visited 1 branch of the dungeon, and saw 11 of its levels.
You also visited: Sewer and Ossuary.

You collected 683 gold pieces.
You spent 339 gold pieces at shops.

Inventory:

Hand Weapons
 c - a +1 broad axe of freezing
 o - a cursed -1 hand axe
 A - a +2 antimagic dagger
 B - a +0 war axe of draining
 D - a +1 mace of protection
 E - a +3 hand axe of pain (weapon)
 I - a +0 hand axe of electrocution
 M - a cursed -3 shortbow
 S - the +4 hand axe of the Demagogue {venom, MR+}
   (You bought it in a shop on level 7 of the Dungeon)

   It poisons the flesh of those it strikes.
   It affects your resistance to hostile enchantments.
 T - a +1 flail of crushing
 X - a +2 antimagic rapier
Missiles
 f - 225 stones (quivered)
 i - 7 curare-tipped needles
 p - 10 poisoned needles
 t - 4 exploding tomahawks
 G - 81 arrows
 Z - 7 poisoned tomahawks
Armour
 g - the -1 hat of Oxideuguxt (worn) {+Inv rPois rF- Dex+7}
   (You found it on level 9 of the Dungeon)

   It affects your dexterity (+7).
   It makes you vulnerable to fire.
   It protects you from poison.
   It lets you turn invisible.
 j - a +0 pair of gloves (worn)
 k - a +0 cloak
 u - a +0 shield (worn)
 O - a +1 plate armour
 R - a scarf of resistance (worn)
 W - a +4 ring mail (worn)
Jewellery
 a - a ring of flight (right hand)
 l - an uncursed ring of wizardry
 m - an amulet of the gourmand (around neck)
 w - an uncursed amulet of magic regeneration
 C - the ring of Foolhardiness (left hand) {rPois Int+5 Stlth-}
   (You found it on level 5 of the Dungeon)

   [ring of poison resistance]

   It affects your intelligence (+5).
   It protects you from poison.
   It makes you less stealthy.
Wands
 b - a wand of iceblast (26)
 e - a wand of random effects (38)
 L - a wand of flame (19)
 Q - a wand of paralysis (31)
 U - a wand of polymorph (10)
 Y - a wand of clouds (5)
Scrolls
 N - a scroll of teleportation
Potions
 d - 4 potions of curing
 h - 2 potions of flight {unknown}
 n - 2 potions of heal wounds {unknown}
 r - a potion of cancellation {unknown}
 v - 7 potions of lignification
 z - a potion of mutation {unknown}
 F - a potion of magic {unknown}
 H - 4 potions of ambrosia {unknown}
 J - 3 potions of agility {unknown}
 K - 2 potions of brilliance {unknown}
 P - a potion of resistance {unknown}
 V - a potion of haste {unknown}
Miscellaneous
 y - a lamp of fire
Comestibles
 q - 21 rations


   Skills:
 + Level 8.7 Fighting
 + Level 11.9 Axes
 + Level 9.1 Armour
 + Level 6.0 Dodging
 + Level 2.4 Stealth
 + Level 9.3 Shields
 + Level 1.4 Evocations


You had 10 spell levels left.
You didn't know any spells.

Dungeon Overview and Level Annotations

Branches:
Dungeon (11/15)            Temple (0/1) D:6            Lair (0/6) D:8
    Orc (0/2) D:10

Altars:
Ashenzari
Dithmenos
Elyvilon
Fedhas
Hepliaklqana
Makhleb
Okawaru
Ru
Trog
Uskayaw
Vehumet
Yredelemnul
Zin

Shops:
D:5 [   D:7 (?!   D:8 }

Annotations:
D:3 exclusion: oklob plant
D:10 exclusion: oklob sapling


Innate Abilities, Weirdness & Mutations

You reflexively headbutt those who attack you in melee.
You have a pair of horns on your head.


Message History

The molten gargoyle is heavily damaged.
The molten gargoyle hits you with a flail!
You are engulfed in flames!
You hit the molten gargoyle.
You headbutt the molten gargoyle, but do no damage.
The molten gargoyle is severely damaged.
You hit the molten gargoyle but do no damage.
The molten gargoyle blasts magma at you!
The bolt of magma hits you!
The molten gargoyle blasts magma at you!
The bolt of magma hits you!
* * * LOW HITPOINT WARNING * * *
Blink to where?
Press: ? - help, Dir - move target cursor You are very lightly contaminated with residual magic.
As you read the scroll of blinking, it crumbles to dust.
An ice beast comes into view.
The molten gargoyle blasts magma at you!
The bolt of magma hits you!
You die...

.#.#...........
.#.#............
.§Y..#...........
§§≈§#..).........
§§§§.#...........
§§.#............
8§≈§§#...........
§≈≈ #...@.....>..
≈≈≈..#9..........
. #.9§.........
#.##########.. #.
. .. .


You could see 2 molten gargoyles and an ice beast.

Vanquished Creatures
  Erolcha (D:9)
  A two-headed ogre (D:10)
  2 molten gargoyles
  A troll (D:10)
  3 slime creatures
  2 hippogriffs
  Sigmund (D:4)
  A spriggan (D:8)
  A wyvern (D:9)
  A hungry ghost (D:9)
  A water moccasin (D:10)
  3 orc warriors
  A phantom (D:4)
  2 sky beasts
  2 ice beasts
  A black bear (D:10)
  A hornet zombie (D:9)
  4 centaurs
  3 ogres
  An elf zombie (Ossuary)
  A big kobold (D:9)
  6 bullfrogs
  Blork the orc (D:4)
  2 scorpions
  A howler monkey (D:10)
  2 centaur zombies (Ossuary)
  A bullfrog zombie (D:9)
  A quasit (D:10)
  10 orc wizards
  4 hounds
  3 human zombies (Ossuary)
  8 orc priests
  A bullfrog skeleton (D:6)
  2 centaur skeletons
  3 iguanas
  3 worker ants
  A big kobold zombie (Ossuary)
  A killer bee zombie (D:9)
  2 hound zombies
  The ghost of dscm the Grave Robber, a weakling OpNe (D:4)
  2 mummies (Ossuary)
  A worker ant zombie (D:5)
  22 adders
  6 gnolls
  A river rat (D:5)
  2 shadow imps
  8 oozes (Sewer)
  An adder zombie (Ossuary)
  3 worms
  3 dart slugs
  14 leopard geckos
  43 orcs
  21 ball pythons
  11 giant cockroaches
  8 goblins
  10 hobgoblins
  3 jackals
  9 kobolds
  4 quokkas
  6 bats
  9 frilled lizards
  2 goblin zombies (Ossuary)
  6 hobgoblin zombies (Ossuary)
  7 kobold zombies (Ossuary)
  4 leopard gecko skeletons
  9 orc zombies (Ossuary)
  7 rats
309 creatures vanquished.

Vanquished Creatures (others)
  A crimson imp (D:11)
  3 plants (D:10)
4 creatures vanquished.

Grand Total: 313 creatures vanquished

Notes
Turn   | Place    | Note
-------+----------+-------------------------------------------
     0 | D:1      | Madoushi the Minotaur Berserker began the quest for the Orb.
     0 | D:1      | Reached XP level 1. HP: 19/19 MP: 0/0
   320 | D:1      | Reached XP level 2. HP: 27/27 MP: 1/1
   634 | D:1      | Reached skill level 4 in Axes
  1234 | D:2      | Reached XP level 3. HP: 14/33 MP: 2/2
  1742 | D:2      | Reached ** piety under Trog
  1790 | D:2      | Reached XP level 4. HP: 40/40 MP: 3/3
  3082 | D:3      | Reached XP level 5. HP: 8/47 MP: 4/4
  3598 | D:3      | Found a burning altar of Makhleb.
  3601 | D:3      | Found a glowing silver altar of Zin.
  3602 | D:3      | Noticed an angel
  3602 | D:3      | Noticed a cacodemon
  3667 | D:3      | Found a blossoming altar of Fedhas.
  3792 | D:3      | Noticed an oklob plant
  3875 | D:4      | Reached skill level 5 in Axes
  3878 | D:4      | Reached *** piety under Trog
  4050 | D:4      | Noticed dscm's ghost (weakling OpNe)
  4059 | D:4      | Killed dscm's ghost
  4059 | D:4      | Reached XP level 6. HP: 53/53 MP: 5/5
  4178 | D:4      | Noticed Blork the orc
  4183 | D:4      | Reached skill level 1 in Shields
  4198 | D:4      | Killed Blork the orc
  4198 | D:4      | Reached skill level 5 in Armour
  4435 | D:4      | Reached skill level 5 in Fighting
  4637 | D:4      | Found a basalt altar of Yredelemnul.
  4688 | D:4      | Got an ancient helmet
  4792 | D:4      | Reached XP level 7. HP: 59/61 MP: 6/6
  4796 | D:4      | Reached skill level 6 in Axes
  4831 | D:4      | Noticed Sigmund
  4846 | D:4      | Killed Sigmund
  5043 | D:4      | Found a white marble altar of Elyvilon.
  5218 | D:5      | Entered Level 5 of the Dungeon
  5265 | D:5      | Found a glowing drain.
  5313 | Sewer    | Entered a sewer
  5335 | Sewer    | Reached **** piety under Trog
  5643 | Sewer    | Reached XP level 8. HP: 67/69 MP: 7/7
  5706 | Sewer    | Reached skill level 7 in Axes
  5818 | D:5      | Got a coiled platinum ring
  5819 | D:5      | Identified the ring of Foolhardiness {rPois Int+5 Stlth-} (You found it on level 5 of the Dungeon)
  5851 | D:5      | Found a sacrificial altar of Ru.
  5894 | D:5      | Found an iron altar of Okawaru.
  5976 | D:5      | Found a hide-covered altar of Uskayaw.
  5990 | D:5      | Found a shadowy altar of Dithmenos.
  6231 | D:5      | Reached ***** piety under Trog
  6342 | D:5      | Found Agecimumo's Armour Shop.
  7014 | D:6      | Reached skill level 1 in Stealth
  7090 | D:6      | Received a gift from Trog
  7090 | D:6      | Reached skill level 8 in Axes
  7090 | D:6      | Reached skill level 5 in Shields
  7189 | D:6      | Found a sand-covered staircase.
  7196 | Ossuary  | Entered an ossuary
  7369 | Ossuary  | Reached XP level 9. HP: 75/78 MP: 8/8
  7498 | D:6      | Found a staircase to the Ecumenical Temple.
  7626 | D:6      | Reached skill level 9 in Axes
  8421 | D:7      | Found Niyficwi's Antique Weapon Shoppe.
  8437 | D:7      | Bought a polished hand axe for 192 gold pieces
  8507 | D:7      | Found Jerats's Magic Scroll Shoppe.
  8515 | D:7      | Bought a scroll of remove curse for 42 gold pieces
  8515 | D:7      | Bought a scroll of enchant armour for 105 gold pieces
  8515 | D:7      | Identified the +4 hand axe of the Demagogue {venom, MR+} (You bought it in a shop on level 7 of the Dungeon)
  8573 | D:7      | Reached skill level 5 in Dodging
  8620 | D:7      | Found Pucyhy's Distillery.
  9459 | D:8      | Found a shattered altar of Ashenzari.
  9496 | D:8      | Received a gift from Trog
  9641 | D:8      | Reached skill level 10 in Axes
  9773 | D:8      | Found a staircase to the Lair.
 10054 | D:8      | Found Iklymeq's Gadget Shop.
 10090 | D:8      | Found a hazy altar of Hepliaklqana.
 10580 | D:9      | Found a bloodstained altar of Trog.
 10583 | D:9      | Found a radiant altar of Vehumet.
 10702 | D:9      | Reached XP level 10. HP: 74/88 MP: 9/9
 11065 | D:9      | Noticed Erolcha
 11082 | D:9      | Killed Erolcha
 11089 | D:9      | Got a distressingly furry hat
 11242 | D:9      | Identified the cursed -1 hat of Oxideuguxt {+Inv rPois rF- Dex+7} (You found it on level 9 of the Dungeon)
 11422 | D:10     | Entered Level 10 of the Dungeon
 11437 | D:10     | Found a staircase to the Orcish Mines.
 11627 | D:10     | Reached skill level 11 in Axes
 12042 | D:10     | Noticed a two-headed ogre
 12313 | D:10     | Killed a two-headed ogre
 12313 | D:10     | Reached skill level 1 in Evocations
 12830 | D:11     | Noticed a molten gargoyle
 12894 | D:10     | Received a gift from Trog
 12899 | D:10     | Killed a molten gargoyle
 12899 | D:10     | Reached XP level 11. HP: 62/95 MP: 9/11
 13054 | D:11     | Killed from afar by a molten gargoyle

Skill      XL: |  1  2  3  4  5  6  7  8  9 10 |
---------------+-------------------------------+-----
Axes           | 4 5 6 8 10 11 | 11.9
Fighting       | 4 5 6 7 8 |  8.7
Armour         | 3 4 5 6 7 8 9 |  9.1
Dodging        | 3 4 5 6 |  6.0
Shields        | 2 3 5 7 9 |  9.3
Stealth        | 1 2 |  2.4
Evocations     | 1 |  1.4

Action                   |  1- 3 |  4- 6 |  7- 9 | 10-12 || total
-------------------------+-------+-------+-------+-------++-------
Melee: Hand axe          |    74 |   174 |   560 |   182 ||   990
       Headbutt          |     9 |    26 |   106 |    56 ||   197
Invok: Burn Spellbooks   |       |       |     2 |       ||     2
 Abil: Evoke Flight      |       |       |       |     3 ||     3
Evoke: Wand              |       |     6 |       |     7 ||    13
  Use: Scroll            |     3 |     5 |    10 |     8 ||    26
       Potion            |       |     2 |     1 |       ||     3
  Eat: Chunk             |     2 |    15 |     8 |    11 ||    36
       Ration            |     1 |       |     2 |       ||     3
Armor: Animal skin       |    13 |       |       |       ||    13
       Scale mail        |    14 |    52 |   135 |       ||   201
       Plate armour      |       |       |    26 |       ||    26
       Ring mail         |       |       |    15 |    42 ||    57
Dodge: Dodged            |    44 |    67 |   157 |    83 ||   351
Block: Shield            |       |    42 |   221 |   102 ||   365
